A+ - U26
TAMPA TARPONS @ ST. LUCIE METS
07/13/2052
 
TOP OF THE 1ST
Oxford Owls batting - Pitching for Jupiter Hammerheads : RHP Timothy Galik
Pitching: RHP Timothy Galik
Batting: LHB Tony Crandall 0-0: Ground out 4-3 (Groundball, 4, EV 91.9 MPH)
Batting: RHB Antwan Johnson 0-0: Called Strike
0-1: Called Strike
0-2: Ball
1-2: Ball
2-2: Strikes out looking
Batting: RHB Liam Corona 0-0: Foul Ball, location: 2F
0-1: Ball
1-1: Fly out, F2 (Popup, 23F, EV 78.8 MPH)
Top of the 1st over - 0 runs, 0 hits, 0 errors, 0 left on base; Oxford 0 - Jupiter 0
BOTTOM OF THE 1ST
Jupiter Hammerheads batting - Pitching for Oxford Owls : RHP Ezra Massey
Pitching: RHP Ezra Massey
Batting: RHB Aidan Soltys 0-0: Ball
1-0: Ground out 6-3 (Groundball, 6, EV 88.1 MPH)
Batting: RHB Graham Graff 0-0: Ball
1-0: Ball
2-0: Called Strike
2-1: Ball
3-1: Swinging Strike
3-2: Strikes out swinging
Batting: RHB Victor Bullard 0-0: Fly out, F4 (Popup, 34S, EV 89.4 MPH)
Bottom of the 1st over - 0 runs, 0 hits, 0 errors, 0 left on base; Oxford 0 - Jupiter 0
TOP OF THE 2ND
Oxford Owls batting - Pitching for Jupiter Hammerheads : RHP Timothy Galik
Batting: LHB Blake Case 0-0: Foul Ball, location: 2F
0-1: Ball
1-1: Ground out 3-1 (Groundball, 34, EV 82.5 MPH)
Batting: LHB Jordan Earl 0-0: Ground out 6-3 (Groundball, 6, EV 93.1 MPH)
Batting: RHB Leto Padron 0-0: Ball
1-0: SINGLE (Line Drive, 8RS, EV 110.6 MPH)
Batting: LHB Charles Carter 0-0: Ball
1-0: Foul Ball, location: 2F
1-1: Ball
2-1: Foul Ball, location: 2F
2-2: Ball
3-2: Foul Ball, location: 2F
3-2: SINGLE (Groundball, 6MS, EV 75.6 MPH) (infield hit)
Leto Padron to second
Batting: SHB Parker Phegley 0-0: Ball
1-0: Ball
2-0: Called Strike
2-1: Foul Ball, location: 2F
2-2: Ball
3-2: Foul Ball, location: 2F
3-2: Foul Ball, location: 2F
3-2: Strikes out swinging
Top of the 2nd over - 0 runs, 2 hits, 0 errors, 2 left on base; Oxford 0 - Jupiter 0
BOTTOM OF THE 2ND
Jupiter Hammerheads batting - Pitching for Oxford Owls : RHP Ezra Massey
Batting: RHB Calixto Parra 0-0: Ball
1-0: Ball
2-0: Foul Ball, location: 2F
2-1: Foul Ball, location: 2F
2-2: DOUBLE (Line Drive, 9LM, EV 99.4 MPH)
Batting: SHB Thacher Baker 0-0: Ball
1-0: Called Strike
1-1: SINGLE (Line Drive, 8LS, EV 98.8 MPH)
Calixto Parra to third
Batting: RHB Hunter Turnbull 0-0: Grounds into double play, 6-4-3 (Groundball, 6, EV 109.4 MPH)
Calixto Parra scores
Batting: RHB Micky Chavez 0-0: Fly out, F4 (Popup, 4S, EV 74.4 MPH)
Bottom of the 2nd over - 1 run, 2 hits, 0 errors, 0 left on base; Oxford 0 - Jupiter 1
TOP OF THE 3RD
Oxford Owls batting - Pitching for Jupiter Hammerheads : RHP Timothy Galik
Batting: LHB Devon Daniels 0-0: Ball
1-0: Ball
2-0: Ball
3-0: Called Strike
3-1: Fly out, F7 (Flyball, 78XD, EV 88.1 MPH)
Batting: LHB Tony Crandall 0-0: Swinging Strike
0-1: SINGLE (Line Drive, 8RS, EV 110.0 MPH)
Batting: RHB Antwan Johnson 0-0: Called Strike
0-1: Grounds into double play, 6-4-3 (Groundball, 6, EV 87.5 MPH)
Top of the 3rd over - 0 runs, 1 hit, 0 errors, 0 left on base; Oxford 0 - Jupiter 1
BOTTOM OF THE 3RD
Jupiter Hammerheads batting - Pitching for Oxford Owls : RHP Ezra Massey
Batting: RHB Santonio Clarke 0-0: Ball
1-0: Swinging Strike
1-1: SINGLE (Line Drive, 8RS, EV 101.2 MPH)
Batting: LHB Ramón Morales 0-0: Ball
1-0: Swinging Strike
1-1: Ball
2-1: Swinging Strike
2-2: Ball
3-2: Strikes out swinging
Batting: RHB Aidan Soltys 0-0: Swinging Strike
0-1: Ball
1-1: Ball
2-1: Ball
Wild Pitch!
Santonio Clarke to second
3-1: Called Strike
3-2: Base on Balls
Batting: RHB Graham Graff 0-0: Fly out, F9 (Flyball, 9D, EV 103.1 MPH)
Runner from 2nd tags up, SAFE at 3rd, no throw by RF
Batting: RHB Victor Bullard 0-0: Ball
Wild Pitch!
Santonio Clarke scores
Aidan Soltys to second
1-0: Ball
Wild Pitch!
Aidan Soltys to third
2-0: Ball
3-0: Base on Balls
Batting: RHB Calixto Parra 0-0: Fly out, F7 (Flyball, 7LS, EV 93.8 MPH)
Bottom of the 3rd over - 1 run, 1 hit, 0 errors, 2 left on base; Oxford 0 - Jupiter 2
TOP OF THE 4TH
Oxford Owls batting - Pitching for Jupiter Hammerheads : RHP Timothy Galik
Batting: RHB Liam Corona 0-0: Called Strike
0-1: Foul Ball, location: 2F
0-2: Foul Ball, location: 2F
0-2: Ball
1-2: Ball
2-2: Ball
3-2: Fly out, F8 (Flyball, 78M, EV 87.5 MPH)
Batting: LHB Blake Case 0-0: Foul Ball, location: 2F
0-1: Foul Ball, location: 2F
0-2: Foul Ball, location: 2F
0-2: Fly out, F8 (Flyball, 8RM, EV 83.8 MPH)
Batting: LHB Jordan Earl 0-0: Ball
1-0: Called Strike
1-1: Ball
2-1: Swinging Strike
2-2: Strikes out looking
Top of the 4th over - 0 runs, 0 hits, 0 errors, 0 left on base; Oxford 0 - Jupiter 2
BOTTOM OF THE 4TH
Jupiter Hammerheads batting - Pitching for Oxford Owls : RHP Ezra Massey
Batting: SHB Thacher Baker 0-0: Called Strike
0-1: Foul Ball, location: 2F
0-2: DOUBLE (Groundball, 3L, EV 104.4 MPH)
Batting: RHB Hunter Turnbull 0-0: Called Strike
0-1: SINGLE (Flyball, 34D, EV 88.8 MPH)
Thacher Baker to third
Batting: RHB Micky Chavez 0-0: Foul Ball, location: 2F
0-1: Fly out, F3 (Popup, 34S, EV 82.5 MPH)
Batting: RHB Santonio Clarke 0-0: Called Strike
Hunter Turnbull is caught stealing 2nd base 2-4
0-1: Ground out 5-3 (Groundball, 56S, EV 63.1 MPH)
Bottom of the 4th over - 0 runs, 2 hits, 0 errors, 1 left on base; Oxford 0 - Jupiter 2
TOP OF THE 5TH
Oxford Owls batting - Pitching for Jupiter Hammerheads : RHP Timothy Galik
Batting: RHB Leto Padron 0-0: Ball
1-0: Ball
2-0: Called Strike
2-1: Ground out 5-3 (Groundball, 56, EV 79.4 MPH)
Batting: LHB Charles Carter 0-0: Called Strike
0-1: Ball
1-1: Foul Ball, location: 2F
1-2: Foul Ball, location: 2F
1-2: Foul Ball, location: 2F
1-2: Ball
2-2: Fly out, F7 (Flyball, 7S, EV 86.9 MPH)
Batting: SHB Parker Phegley 0-0: Fly out, F9 (Flyball, 89S, EV 92.5 MPH)
Top of the 5th over - 0 runs, 0 hits, 0 errors, 0 left on base; Oxford 0 - Jupiter 2
BOTTOM OF THE 5TH
Jupiter Hammerheads batting - Pitching for Oxford Owls : RHP Ezra Massey
Batting: LHB Ramón Morales 0-0: Swinging Strike
0-1: Ball
1-1: Foul Ball, location: 2F
1-2: Strikes out swinging
Batting: RHB Aidan Soltys 0-0: Called Strike
0-1: Ball
1-1: Ball
2-1: Ball
3-1: Foul Ball, location: 2F
3-2: DOUBLE (Line Drive, 9LD, EV 107.5 MPH)
Batting: RHB Graham Graff 0-0: Called Strike
0-1: Ball
1-1: Ball
2-1: Foul Ball, location: 2F
2-2: Hit by Pitch
Batting: RHB Victor Bullard 0-0: Called Strike
0-1: Ball
1-1: Foul Ball, location: 2F
1-2: Ball
2-2: Ball
3-2: Fly out, F8 (Line Drive, 8RM, EV 86.9 MPH)
Batting: RHB Calixto Parra 0-0: Called Strike
0-1: Foul Ball, location: 2F
0-2: Foul Ball, location: 2F
0-2: Foul Ball, location: 2F
0-2: Ball
1-2: Foul Ball, location: 2F
1-2: Strikes out swinging
Bottom of the 5th over - 0 runs, 1 hit, 0 errors, 2 left on base; Oxford 0 - Jupiter 2
TOP OF THE 6TH
Oxford Owls batting - Pitching for Jupiter Hammerheads : RHP Timothy Galik
Batting: LHB Devon Daniels 0-0: Called Strike
0-1: Ball
1-1: Ground out 4-3 (Groundball, 4, EV 111.2 MPH)
Pitching: RHP Walt Contador
Batting: LHB Tony Crandall 0-0: Ball
1-0: Ball
2-0: DOUBLE (Line Drive, 78XD, EV 97.5 MPH)
Batting: RHB Antwan Johnson 0-0: Ball
1-0: Ball
2-0: Ball
3-0: Called Strike
3-1: Foul Ball, location: 2F
3-2: Foul Ball, location: 2F
3-2: Fly out, F9 (Flyball, 9LS, EV 89.4 MPH)
Batting: RHB Liam Corona 0-0: Ground out 6-3 (Groundball, 6, EV 85.6 MPH)
Top of the 6th over - 0 runs, 1 hit, 0 errors, 1 left on base; Oxford 0 - Jupiter 2
BOTTOM OF THE 6TH
Jupiter Hammerheads batting - Pitching for Oxford Owls : RHP Ezra Massey
Batting: SHB Thacher Baker 0-0: Called Strike
0-1: Ball
1-1: Ball
2-1: Called Strike
2-2: Foul Ball, location: 2F
2-2: Foul Ball, location: 2F
2-2: Fly out, F8 (Flyball, 8RM, EV 93.8 MPH)
Batting: RHB Hunter Turnbull 0-0: Ball
1-0: Foul Ball, location: 2F
1-1: Fly out, F3 (Popup, 34, EV 76.2 MPH)
Batting: RHB Micky Chavez 0-0: Foul Ball, location: 2F
0-1: Ball
1-1: Foul Ball, location: 2F
1-2: Foul Ball, location: 2F
1-2: SINGLE (Groundball, 3D, EV 101.2 MPH)
Batting: RHB Santonio Clarke 0-0: Swinging Strike
0-1: Called Strike
0-2: Ball
1-2: Ball
2-2: Strikes out looking
Bottom of the 6th over - 0 runs, 1 hit, 0 errors, 1 left on base; Oxford 0 - Jupiter 2
TOP OF THE 7TH
Oxford Owls batting - Pitching for Jupiter Hammerheads : RHP Walt Contador
Batting: LHB Blake Case 0-0: Foul Ball, location: 2F
0-1: Foul Ball, location: 2F
0-2: Fly out, F8 (Flyball, 8RD, EV 85.6 MPH)
Pitching: LHP Haden Hinson
Batting: LHB Jordan Earl 0-0: Called Strike
0-1: Ball
1-1: Swinging Strike
1-2: Strikes out swinging
Pitching: RHP Vinny Crisp
Batting: RHB Leto Padron 0-0: Called Strike
0-1: Ball
1-1: Ball
2-1: Ball
3-1: Foul Ball, location: 2F
3-2: Base on Balls
Batting: LHB Charles Carter 0-0: Ball
1-0: Swinging Strike
1-1: Called Strike
1-2: Foul Ball, location: 2F
1-2: SINGLE (Groundball, 4MS, EV 74.4 MPH) (infield hit)
Leto Padron to second
Batting: SHB Parker Phegley 0-0: Called Strike
0-1: Ball
1-1: Fly out, F7 (Line Drive, 7, EV 97.5 MPH)
Top of the 7th over - 0 runs, 1 hit, 0 errors, 2 left on base; Oxford 0 - Jupiter 2
BOTTOM OF THE 7TH
Jupiter Hammerheads batting - Pitching for Oxford Owls : RHP Ezra Massey
Pitching: LHP Greyson Klingler
Batting: LHB Ramón Morales 0-0: Called Strike
0-1: Foul Ball, location: 2F
0-2: Ground out U3 (Groundball, 3L, EV 85.0 MPH)
Batting: RHB Aidan Soltys 0-0: Called Strike
0-1: Swinging Strike
0-2: Ball
1-2: Ball
2-2: Fly out, F8 (Flyball, 8RD, EV 103.8 MPH)
Batting: RHB Graham Graff 0-0: Swinging Strike
0-1: Ball
1-1: Called Strike
1-2: Strikes out looking
Bottom of the 7th over - 0 runs, 0 hits, 0 errors, 0 left on base; Oxford 0 - Jupiter 2
TOP OF THE 8TH
Oxford Owls batting - Pitching for Jupiter Hammerheads : RHP Vinny Crisp
Batting: LHB Devon Daniels 0-0: Called Strike
0-1: Foul Ball, location: 2F
0-2: Ball
1-2: Ball
2-2: Foul Ball, location: 2F
2-2: Ball
3-2: Base on Balls
Batting: LHB Tony Crandall 0-0: Called Strike
0-1: Ball
1-1: Fly out, F6 (Flyball, 56D, EV 89.4 MPH)
Batting: RHB Antwan Johnson 0-0: Called Strike
0-1: Foul Ball, location: 2F
0-2: Ball
1-2: Ball
2-2: Ball
3-2: Foul Ball, location: 2F
3-2: Foul Ball, location: 2F
3-2: Grounds into double play, U6-3 (Groundball, 4M, EV 109.4 MPH)
Top of the 8th over - 0 runs, 0 hits, 0 errors, 0 left on base; Oxford 0 - Jupiter 2
BOTTOM OF THE 8TH
Jupiter Hammerheads batting - Pitching for Oxford Owls : LHP Greyson Klingler
Batting: RHB Victor Bullard 0-0: Foul Ball, location: 2F
0-1: Ground out 6-3 (Groundball, 6, EV 87.5 MPH)
Batting: RHB Calixto Parra 0-0: Foul Ball, location: 2F
0-1: Ball
1-1: DOUBLE (Line Drive, 7LM, EV 103.8 MPH)
Batting: SHB Thacher Baker 0-0: Ball
1-0: Ball
2-0: Ball
3-0: Called Strike
3-1: Swinging Strike
3-2: Fly out, F7 (Line Drive, 78S, EV 96.9 MPH)
Batting: RHB Hunter Turnbull 0-0: Intentional Walk
Batting: RHB Micky Chavez 0-0: Ball
1-0: Foul Ball, location: 2F
1-1: Ball
2-1: Ball
3-1: Called Strike
3-2: Foul Ball, location: 2F
3-2: Foul Ball, location: 2F
3-2: Base on Balls
Calixto Parra to third
Hunter Turnbull to second
Pitching: RHP Guillermo Vásquez
Batting: RHB Santonio Clarke 0-0: Ground out 3-1 (Groundball, 34S, EV 90.6 MPH)
Bottom of the 8th over - 0 runs, 1 hit, 0 errors, 3 left on base; Oxford 0 - Jupiter 2
TOP OF THE 9TH
Oxford Owls batting - Pitching for Jupiter Hammerheads : RHP Vinny Crisp
Pitching: RHP Peter Jones
Now at 2B: Júlio Gallegos
Now at 3B: Aidan Soltys
Now in LF: Victor Bullard
Batting: RHB Liam Corona 0-0: Foul Ball, location: 2F
0-1: Swinging Strike
0-2: Foul Ball, location: 2F
0-2: Ground out 4-3 (Groundball, 34, EV 86.9 MPH)
Batting: LHB Blake Case 0-0: Foul Ball, location: 2F
0-1: Fly out, F7 (Flyball, 7, EV 96.2 MPH)
Batting: LHB Jordan Earl 0-0: Ball
1-0: Ball
2-0: Ball
3-0: Base on Balls
Batting: RHB Leto Padron 0-0: Ball
1-0: Ball
2-0: Called Strike
2-1: Foul Ball, location: 2F
2-2: Ball
3-2: Foul Ball, location: 2F
3-2: Foul Ball, location: 2F
3-2: Base on Balls
Jordan Earl to second
Batting: LHB Charles Carter 0-0: Ball
1-0: Called Strike
1-1: Swinging Strike
1-2: Foul Ball, location: 2F
1-2: Strikes out looking
Top of the 9th over - 0 runs, 0 hits, 0 errors, 2 left on base; Oxford 0 - Jupiter 2
Sunday, April 28th , 2024 - OOTP Baseball 24.11 Build 85